[Event "Serbian League Women 2024"]
[Site "Bajina Basta"]
[Date "2024.09.30"]
[Round "4.1"]
[White "Savitha Shri B"]
[Black "Badelka, Olga"]
[Result "1-0"]
[ECO "D02"]
[WhiteElo "2348"]
[BlackElo "2430"]
[Annotator "TA"]
[PlyCount "101"]
[EventDate "2024.09.26"]
[EventType "team-tourn"]
[EventCountry "SRB"]
[SourceTitle "playchess.com"]
[Source "ChessBase"]
[SourceQuality "1"]
[TimeControl "40/5400+30:1800+30"]

1. d4 d5 2. Bf4 Nf6 3. e3 c5 4. Nf3 Nc6 5. Nbd2 cxd4 6. exd4 Bf5 7. c3 e6 8. Qb3 {[%emt 0:03:33] The position is equal.} Qb6 9. Qxb6 axb6 10. Nh4 Bc2 11. Rc1 Be4 12. f3 Bg6 13. a3 Kd7 14. Bb5 Bd6 15. Bxd6 Kxd6 16. Nxg6 hxg6 17. Kf2 g5 18. h3 Ne8 19. Rhe1 Nc7 20. Bd3 b5 21. Ra1 Ra7 (21... e5 $11) 22. Rh1 (22. Nb3 $14) 22... Na5 23. a4 (23. Rhc1 $11) 23... Nc4 $17 24. Bxc4 bxc4 25. b3 cxb3 26. Nxb3 b6 {[%emt 0:00:28] Prevents Nc5.} 27. Rhb1 Rha8 $1 28. a5 bxa5 29. Nc5 Kc6 30. Rb3 Nb5 31. Rab1 Nd6 32. Na4 Rb7 33. Rxb7 Nxb7 {[%emt 0:00:04][%mdl 4096] Endgame. KRN-KRN} 34. Kg3 Kc7 (34... Nd6 $17 {...Nc4 is the strong threat.} 35. Kg4 f6 36. Rb6+ Kd7) 35. Kg4 $15 f6 (35... Nd6 $15 36. Kxg5 Re8) 36. Kh5 $1 $11 Ra6 37. Kg6 Rc6 38. Kxg7 e5 $1 39. Rb3 e4 (39... Nd8 $11 {keeps the balance.}) 40. fxe4 $16 dxe4 41. d5 $1 Rc4 {[%emt 0:10:50] [#]} 42. Nb2 ({Much weaker is} 42. Nb6 Rc5 $15) 42... Rc5 {[%emt 0:00:14] [#]} 43. c4 f5 44. Kf6 {[%emt 0:01:09] White is more active.} g4 $2 {[%emt 0:03:50] A mistake that costs the game.} (44... f4 $16) 45. Kxf5 $18 gxh3 46. gxh3 Nd6+ (46... Kb8 {was called for.} 47. Kxe4 Rc8) 47. Ke6 a4 (47... Nb7 $142 48. Ke5 e3 49. Rxe3 Kb8) 48. Nxa4 Rxc4 49. Nb6 {[%emt 0:01:10] White mates.} e3 50. Nxc4 Nxc4 51. Rc3 {[%emt 0:00:04] Weighted Error Value: White=0.10 (very precise) /Black=0.35.  Loses game:     	---       	Black=1      Mistake:       	White=2     	Black=6      Inaccurate:     	White=5     	Black=4      OK:         	White=17    	Black=11     Best:        	White=7     	Black=2      Strong:       	White=2     	Black=2} 1-0

[Event "Serbian League Women 2024"]
[Site "Bajina Basta"]
[Date "2024.09.30"]
[Round "4.2"]
[White "Zimina, Olga"]
[Black "Toncheva, Nadya"]
[Result "1/2-1/2"]
[ECO "D02"]
[WhiteElo "2302"]
[BlackElo "2301"]
[Annotator "RC"]
[PlyCount "136"]
[EventDate "2024.09.26"]
[EventType "team-tourn"]
[EventCountry "SRB"]
[SourceTitle "playchess.com"]
[Source "ChessBase"]
[SourceQuality "1"]
[TimeControl "40/5400+30:1800+30"]

1. d4 d5 2. g3 Nf6 3. Bg2 c6 4. Nf3 Bf5 5. Nh4 Be4 6. f3 Bg6 7. c3 Nbd7 8. O-O e5 9. Be3 Be7 10. Nd2 O-O 11. Bf2 exd4 12. cxd4 c5 13. dxc5 Bxc5 14. Bh3 Re8 15. Rc1 Be3 16. Bxe3 Rxe3 17. Ng2 Re7 18. Rf2 Qb6 19. Nb3 Ne5 20. Qd4 Nc4 21. Nf4 Qxd4 22. Nxd4 Ne3 23. Ng2 Nxg2 24. Kxg2 Ne8 25. Rff1 Rd8 26. Rc5 Rd6 27. Kf2 Kf8 28. Rfc1 a6 29. Rc8 h6 30. Rb8 Bh7 31. Rcc8 g6 32. Rd8 Rxd8 33. Rxd8 f5 34. Rxd5 Bg8 35. Ra5 Nc7 36. Bf1 Nd5 37. Rc5 Ne3 38. b3 Kg7 39. h4 Kf6 40. Bh3 h5 41. Nc2 Nd5 42. e3 Rc7 43. Rxc7 Nxc7 44. Ke2 Ke5 45. Kd2 a5 46. Bf1 Bd5 47. Ne1 a4 48. Bc4 axb3 49. Bxd5 b2 50. Nd3+ Kf6 51. Nxb2 Nxd5 52. a4 g5 53. Nc4 gxh4 54. gxh4 Ke6 55. Kd3 f4 56. e4 Ne7 57. Na5 Ng6 58. Nxb7 Nxh4 59. Ke2 Ng6 60. a5 Kd7 61. a6 Kc7 62. Nc5 Kb6 63. Kf2 Ka7 64. Kg2 Kb6 65. Kh3 Ne5 66. Kg2 Ng6 67. Kf2 Ka7 68. Kg2 Kb6 1/2-1/2

[Event "Serbian League Women 2024"]
[Site "Bajina Basta"]
[Date "2024.09.30"]
[Round "4.3"]
[White "Grozdanovic, Anastasia"]
[Black "Vujovic, Vera"]
[Result "1/2-1/2"]
[ECO "D11"]
[WhiteElo "2041"]
[BlackElo "2175"]
[Annotator "RC"]
[PlyCount "73"]
[EventDate "2024.09.26"]
[EventType "team-tourn"]
[EventCountry "SRB"]
[SourceTitle "playchess.com"]
[Source "ChessBase"]
[SourceQuality "1"]
[TimeControl "40/5400+30:1800+30"]

1. d4 d5 2. c4 c6 3. Nf3 Nf6 4. Nbd2 Bf5 5. Nh4 Be6 6. e3 g6 7. b3 Bg7 8. Bb2 O-O 9. Bd3 Nbd7 10. O-O Rc8 11. h3 Ne8 12. Qc2 f5 13. Nhf3 Nd6 14. Ng5 Bf7 15. Nxf7 Rxf7 16. Ba3 c5 17. Nf3 e5 18. dxe5 Nxe5 19. Nxe5 Bxe5 20. Rad1 d4 21. exd4 Bxd4 22. Bb2 Bxb2 23. Qxb2 Qf6 24. Qxf6 Rxf6 25. Rfe1 Kf8 26. Re5 b6 27. Rd5 Re8 28. a3 a5 29. b4 axb4 30. axb4 cxb4 31. Rb1 Ne4 32. Bxe4 Rxe4 33. Rxb4 Rc6 34. Rd8+ Kg7 35. Rb8 Rexc4 36. Rxc4 Rxc4 37. Rxb6 1/2-1/2

[Event "Serbian League Women 2024"]
[Site "Bajina Basta"]
[Date "2024.09.30"]
[Round "4.4"]
[White "Nestorovic, Katarina"]
[Black "Mihajlovic, Milena"]
[Result "1/2-1/2"]
[ECO "C18"]
[WhiteElo "2038"]
[BlackElo "2065"]
[Annotator "RC"]
[PlyCount "142"]
[EventDate "2024.09.26"]
[EventType "team-tourn"]
[EventCountry "SRB"]
[SourceTitle "playchess.com"]
[Source "ChessBase"]
[SourceQuality "1"]
[TimeControl "40/5400+30:1800+30"]

1. e4 e6 2. d4 d5 3. Nc3 Bb4 4. e5 c5 5. a3 Bxc3+ 6. bxc3 Ne7 7. Qg4 Qc7 8. Bd2 Nbc6 9. Nf3 Nf5 10. Bd3 h5 11. Qg5 Nce7 12. Nh4 Nxh4 13. Qxh4 c4 14. Be2 Bd7 15. a4 Bc6 16. Bg5 Nf5 17. Qh3 Qa5 18. O-O Kd7 19. Rfd1 Rag8 20. Qf3 Kc8 21. Rdb1 Rh7 22. Bf1 h4 23. g4 hxg3 24. fxg3 Qc7 25. Bg2 Rgh8 26. h4 Rg8 27. Bh3 Qd7 28. Rf1 f6 29. Bxf5 exf5 30. exf6 gxf6 31. Bxf6 Bxa4 32. Kh2 Rf7 33. Bg5 b6 34. Rxa4 Qxa4 35. Qxd5 Qxc2+ 36. Kg1 Rxg5 37. hxg5 Qxc3 38. Qa8+ Kd7 39. Qxa7+ Ke8 40. Qb8+ Kd7 41. Qe5 f4 42. Qd5+ Kc8 43. Qc6+ Kd8 44. Qxb6+ Kd7 45. Qb7+ Kd6 46. Qb6+ Kd7 47. Qb5+ Ke7 48. Qc5+ Ke8 49. Qc6+ Kf8 50. gxf4 Qxd4+ 51. Kg2 Kg7 52. Kg3 c3 53. Qh6+ Kg8 54. Qg6+ Kf8 55. Qc2 Qe3+ 56. Kg4 Re7 57. g6 Qd2 58. Rf2 Qd4 59. Qf5+ Kg7 60. Rf1 Qe4 61. Qxe4 Rxe4 62. Kg5 Rc4 63. f5 Rc5 64. Rd1 c2 65. Rc1 Kf8 66. Kf6 Rc6+ 67. Ke5 Kg7 68. Kd5 Rc8 69. Ke6 Rc6+ 70. Ke7 Rc7+ 71. Kd6 Rc8 1/2-1/2

[Event "Serbian League Women 2024"]
[Site "Bajina Basta"]
[Date "2024.09.30"]
[Round "4.5"]
[White "Muetsch, Annmarie"]
[Black "Aydin, Gulenay"]
[Result "0-1"]
[ECO "E07"]
[WhiteElo "2290"]
[BlackElo "2202"]
[Annotator "RC"]
[PlyCount "56"]
[EventDate "2024.09.26"]
[EventType "team-tourn"]
[EventCountry "SRB"]
[SourceTitle "playchess.com"]
[Source "ChessBase"]
[SourceQuality "1"]
[TimeControl "40/5400+30:1800+30"]

1. d4 d5 2. c4 e6 3. Nf3 Nf6 4. g3 Be7 5. Bg2 O-O 6. O-O c6 7. Nc3 Nbd7 8. Qd3 b6 9. e4 Ba6 10. b3 dxe4 11. Nxe4 b5 12. Nxf6+ Bxf6 13. c5 Nxc5 14. Qc2 Nd7 15. Qxc6 Nb6 16. Bf4 Rc8 17. Qe4 Nd5 18. Be5 b4 19. Rfe1 Qb6 20. h4 h6 21. h5 Rfd8 22. Bf1 Bxf1 23. Kxf1 Bxe5 24. dxe5 Nc3 25. Qg4 Rd3 26. Kg1 Rcd8 27. Kg2 Qb7 28. Re3 R8d4 0-1

[Event "Serbian League Women 2024"]
[Site "Bajina Basta"]
[Date "2024.09.30"]
[Round "4.6"]
[White "Yildiz, Elif Zeren"]
[Black "Brunello, Marina"]
[Result "1-0"]
[ECO "B90"]
[WhiteElo "1934"]
[BlackElo "2348"]
[Annotator "RC"]
[PlyCount "47"]
[EventDate "2024.09.26"]
[EventType "team-tourn"]
[EventCountry "SRB"]
[SourceTitle "playchess.com"]
[Source "ChessBase"]
[SourceQuality "1"]
[TimeControl "40/5400+30:1800+30"]

1. e4 c5 2. Nf3 d6 3. d4 cxd4 4. Nxd4 Nf6 5. Nc3 a6 6. Rg1 h5 7. h3 g6 8. Be3 b5 9. Qe2 Qa5 10. Nb3 Qc7 11. O-O-O Bg7 12. g4 Bb7 13. Bg2 Nc6 14. f4 e6 15. e5 dxe5 16. f5 Nb4 17. fxe6 Bxg2 18. Qxg2 Qc6 19. exf7+ Kxf7 20. g5 Qxg2 21. Rxg2 Nh7 22. Rf2+ Kg8 23. Rd6 Rc8 24. Na5 1-0

[Event "Serbian League Women 2024"]
[Site "Bajina Basta"]
[Date "2024.09.30"]
[Round "4.7"]
[White "Mehmed, Elif"]
[Black "Vujcic, Milena"]
[Result "1-0"]
[ECO "C77"]
[WhiteElo "2228"]
[BlackElo "2076"]
[Annotator "RC"]
[PlyCount "75"]
[EventDate "2024.09.26"]
[EventType "team-tourn"]
[EventCountry "SRB"]
[SourceTitle "playchess.com"]
[Source "ChessBase"]
[SourceQuality "1"]
[TimeControl "40/5400+30:1800+30"]

1. e4 e5 2. Nf3 Nc6 3. Bb5 a6 4. Ba4 Nf6 5. d3 d6 6. c4 g6 7. h3 Bg7 8. Nc3 Nd7 9. Bg5 f6 10. Be3 O-O 11. O-O f5 12. Bg5 Bf6 13. Bh6 Rf7 14. Nd5 Nc5 15. Nxf6+ Qxf6 16. Bg5 Qg7 17. Bxc6 bxc6 18. Be3 Ne6 19. b4 Bd7 20. Bd2 g5 21. exf5 Rxf5 22. Be3 g4 23. hxg4 Nf4 24. Nh2 h5 25. f3 hxg4 26. fxg4 Raf8 27. Qd2 Rg5 28. Rae1 Bxg4 29. Bxf4 exf4 30. Rxf4 Bf5 31. Ref1 Rf6 32. R1f2 Qg6 33. Qe2 Re6 34. Qd2 Qh7 35. g4 Rh6 36. Rxf5 Rxg4+ 37. Rg2 Qxf5 38. Nxg4 1-0

[Event "Serbian League Women 2024"]
[Site "Bajina Basta"]
[Date "2024.09.30"]
[Round "4.8"]
[White "Petrovic, Marija"]
[Black "Manakova, Maria"]
[Result "0-1"]
[ECO "A30"]
[WhiteElo "1898"]
[BlackElo "2185"]
[Annotator "RC"]
[PlyCount "190"]
[EventDate "2024.09.26"]
[EventType "team-tourn"]
[EventCountry "SRB"]
[SourceTitle "playchess.com"]
[Source "ChessBase"]
[SourceQuality "1"]
[TimeControl "40/5400+30:1800+30"]

1. Nf3 Nf6 2. b3 g6 3. Bb2 Bg7 4. e3 O-O 5. Be2 b6 6. O-O Bb7 7. c4 c5 8. d4 cxd4 9. Nxd4 d5 10. Nc3 dxc4 11. Bxc4 Nbd7 12. Qd2 a6 13. Rfd1 b5 14. Ne6 fxe6 15. Bxe6+ Kh8 16. Bxd7 Qb6 17. Bh3 g5 18. Qe2 Rg8 19. g3 b4 20. Na4 Qc6 21. e4 Nxe4 22. Bxg7+ Rxg7 23. Bg2 Nc3 24. Bxc6 Nxe2+ 25. Kf1 Nxg3+ 26. hxg3 Bxc6 27. Nc5 Bf3 28. Rd4 Rg6 29. Ke1 Rc8 30. Rc1 Rgc6 31. Rdc4 Bd5 32. R4c2 g4 33. Kd2 Rd8 34. Ke3 Rf6 35. Ke2 Bf3+ 36. Ke3 Bd1 37. Rb2 h5 38. Rc4 a5 39. Rd4 Rf3+ 40. Ke4 Rc8 41. Rxd1 Rxc5 42. Rd5 Rxd5 43. Kxd5 Kg7 44. Ke6 Kf8 45. Rd2 Rf6+ 46. Ke5 Kf7 47. Rc2 Kg6 48. Ke4 Re6+ 49. Kf4 Re1 50. Rc6+ e6 51. f3 Kf6 52. fxg4 Rf1+ 53. Ke4 hxg4 54. Rc8 Re1+ 55. Kf4 Re2 56. Rf8+ Ke7 57. Ra8 Rxa2 58. Kxg4 Kd6 59. Kf4 Rf2+ 60. Ke4 Re2+ 61. Kd3 Ra2 62. g4 Ke5 63. g5 Kf5 64. Rg8 Rg2 65. Rf8+ Ke5 66. Rg8 Rg3+ 67. Kc4 Kf5 68. Rf8+ Kxg5 69. Kb5 Rxb3 70. Kxa5 Rb1 71. Kb5 e5 72. Kc4 Rc1+ 73. Kd3 Rd1+ 74. Ke2 Rd4 75. Ke3 Rf4 76. Rg8+ Kf5 77. Rf8+ Ke6 78. Rd8 Rh4 79. Rb8 Kd5 80. Rb5+ Kc4 81. Rxe5 Kc3 82. Ke2 Rh2+ 83. Ke3 b3 84. Rc5+ Kb2 85. Kd3 Rc2 86. Rb5 Rc8 87. Rh5 Ka2 88. Ra5+ Kb1 89. Kd2 b2 90. Ra7 Rd8+ 91. Ke2 Rd5 92. Rb7 Kc2 93. Rc7+ Kb3 94. Rb7+ Kc3 95. Rb8 Rd4 0-1

[Event "Serbian League Women 2024"]
[Site "Bajina Basta"]
[Date "2024.09.30"]
[Round "4.9"]
[White "Unuk, Laura"]
[Black "Bivol, Alina"]
[Result "1/2-1/2"]
[ECO "A53"]
[WhiteElo "2316"]
[BlackElo "2345"]
[Annotator "RC"]
[PlyCount "55"]
[EventDate "2024.09.26"]
[EventType "team-tourn"]
[EventCountry "SRB"]
[SourceTitle "playchess.com"]
[Source "ChessBase"]
[SourceQuality "1"]
[TimeControl "40/5400+30:1800+30"]

1. d4 Nf6 2. c4 d6 3. Nf3 Nc6 4. d5 Ne5 5. Nxe5 dxe5 6. Nc3 e6 7. Bg5 Be7 8. Bxf6 Bxf6 9. g3 O-O 10. Bg2 exd5 11. cxd5 Be7 12. O-O f5 13. Rc1 a6 14. d6 Bxd6 15. Bxb7 Bxb7 16. Qb3+ Kh8 17. Qxb7 Qb8 18. Qxb8 Rfxb8 19. b3 Ra7 20. Rfd1 Kg8 21. Rc2 Kf7 22. e3 Ke6 23. Kf1 g6 24. Ke2 a5 25. Na4 Rb5 26. Rc4 h5 27. h4 Ra8 28. Rd2 1/2-1/2

[Event "Serbian League Women 2024"]
[Site "Bajina Basta"]
[Date "2024.09.30"]
[Round "4.10"]
[White "Velikic, Adela"]
[Black "Lach, Aleksandra"]
[Result "1-0"]
[ECO "A96"]
[WhiteElo "2260"]
[BlackElo "2278"]
[Annotator "RC"]
[PlyCount "113"]
[EventDate "2024.09.26"]
[EventType "team-tourn"]
[EventCountry "SRB"]
[SourceTitle "playchess.com"]
[Source "ChessBase"]
[SourceQuality "1"]
[TimeControl "40/5400+30:1800+30"]

1. d4 e6 2. c4 f5 3. g3 Nf6 4. Bg2 Be7 5. Nf3 d6 6. Nc3 O-O 7. O-O Ne4 8. Qc2 Nxc3 9. Qxc3 a5 10. Ne1 Bf6 11. Be3 Nc6 12. Rd1 Qe7 13. Nc2 g5 14. f4 g4 15. Bf2 Qg7 16. e4 fxe4 17. Bxe4 Ne7 18. Bg2 c6 19. Rfe1 Nf5 20. Re2 Bd7 21. Qe1 Rfe8 22. Rd3 d5 23. c5 Re7 24. Qd1 Be8 25. Ra3 Ra6 26. Bf1 b5 27. cxb6 Rxb6 28. b3 Nd6 29. Rxa5 Bg6 30. Ra8+ Kf7 31. Ne1 Ne4 32. Be3 Nc3 33. Qd2 Nxe2+ 34. Bxe2 Be4 35. Bd3 Reb7 36. Bxe4 dxe4 37. Nc2 Rb5 38. Qe2 Rd5 39. Qc4 c5 40. dxc5 Rd1+ 41. Kf2 Qh6 42. Qxe6+ Kxe6 43. f5+ Kxf5 44. Bxh6 Rb1 45. Ne3+ Ke6 46. Ra6+ Kf7 47. c6 Rc7 48. Bf4 Rc8 49. Nc4 Be7 50. c7 e3+ 51. Kxe3 Bb4 52. Ke4 Rf1 53. Rb6 Be7 54. Rc6 Re1+ 55. Kf5 h5 56. Nb6 Rf8 57. c8=Q 1-0

[Event "Serbian League Women 2024"]
[Site "Bajina Basta"]
[Date "2024.09.30"]
[Round "4.11"]
[White "Bojicic, Andjela"]
[Black "Zhurova, Anna"]
[Result "0-1"]
[ECO "D04"]
[WhiteElo "2071"]
[BlackElo "2199"]
[Annotator "RC"]
[PlyCount "108"]
[EventDate "2024.09.26"]
[EventType "team-tourn"]
[EventCountry "SRB"]
[SourceTitle "playchess.com"]
[Source "ChessBase"]
[SourceQuality "1"]
[TimeControl "40/5400+30:1800+30"]

1. d4 Nf6 2. Nf3 d5 3. e3 c5 4. Be2 Nc6 5. O-O Bf5 6. b3 e6 7. Bb2 Rc8 8. Nbd2 cxd4 9. exd4 Bd6 10. c4 O-O 11. c5 Bb8 12. a3 Qc7 13. Re1 Ng4 14. Nf1 Be4 15. Ng3 Nh6 16. b4 Rce8 17. b5 Ne7 18. Bd3 Bxd3 19. Qxd3 Ng6 20. Bc1 Ng4 21. Bd2 h5 22. b6 axb6 23. cxb6 Qxb6 24. Rab1 Qc7 25. Rec1 Qe7 26. Nxh5 e5 27. dxe5 N6xe5 28. Nxe5 Bxe5 29. g3 Bd6 30. Bc3 Bc5 31. Bd4 Bxd4 32. Qxd4 Qg5 33. Nf4 Qh6 34. h3 Ne5 35. Qxd5 g5 36. Nd3 Ng6 37. Qf3 Qxh3 38. Qg2 Qf5 39. Nc5 Ne5 40. Rb3 g4 41. Qxb7 Qg5 42. Rbb1 Nf3+ 43. Kg2 Qh5 44. Rh1 Qxc5 45. Rb5 Qe7 46. Qxe7 Rxe7 47. Rbh5 Kg7 48. Rh7+ Kf6 49. R1h6+ Kf5 50. Rh5+ Ke6 51. Rh1 Ra8 52. Rg7 Ra4 53. Rb1 Kf6 54. Rg8 Re1 0-1

[Event "Serbian League Women 2024"]
[Site "Bajina Basta"]
[Date "2024.09.30"]
[Round "4.13"]
[White "Maltsevskaya, Aleksandra"]
[Black "Osmak, Yuliia"]
[Result "1/2-1/2"]
[ECO "A13"]
[WhiteElo "2404"]
[BlackElo "2471"]
[Annotator "TA"]
[PlyCount "124"]
[EventDate "2024.09.26"]
[EventType "team-tourn"]
[EventCountry "SRB"]
[SourceTitle "playchess.com"]
[Source "ChessBase"]
[SourceQuality "1"]
[TimeControl "40/5400+30:1800+30"]

1. c4 e6 2. Nf3 Nf6 3. g3 d5 4. Bg2 dxc4 5. Qa4+ Bd7 6. Qxc4 {[%emt 0:00:11] A13: Engelse Opening: 1...e6.} c5 {[%emt 0:00:06] OK} 7. Nc3 {[%emt 0:18:03] OK} Bc6 8. O-O {[%emt 0:01:04] OK. Wit staat iets beter.} Nbd7 9. e4 $1 {[%emt 0:07:12] Sterk} Rc8 {[%emt 0:20:43] Fout (0.5)} (9... Ng4 $11) 10. Qe2 $1 $16 {[%emt 0:03:38] Sterk} e5 {Wit zou moeten spelen} 11. b3 $146 {[%emt 0:10:10] Fout (0.7)} (11. a4 $16) ({Predecessor:} 11. d3 Bd6 12. Nh4 O-O 13. Nf5 Bb8 14. Bg5 h6 15. Be3 b5 16. b3 Kh7 17. Rac1 {½-½ Ivanisevic,I (2530)-Culum,S (2311) BIH-chT1 30th 2023 (7.1)}) 11... Bd6 $11 {[%emt 0:03:13] OK} 12. Bb2 O-O {[%emt 0:00:27] OK} 13. d3 {[%emt 0:00:06] is superieur. Fout (0.5)} (13. Nh4 $14) 13... Re8 {[%emt 0:01:55] OK} 14. Nd1 Bb5 {[%emt 0:06:29] voelt sterker. Fout (0.5)} (14... Nb8 $1 $11) 15. Ne3 {[%emt 0:06:14] Onnauwkeurig} Nb8 $1 {[%emt 0:00:42] Sterk} 16. Nc4 {[%emt 0:05:25] Bh3 is de sterke dreiging.} Nc6 {[%emt 0:00:35] OK} 17. Rac1 {[%emt 0:10:58] Onnauwkeurig} Bc7 18. Rfd1 {Zwart zou moeten proberen} Qd7 $2 {[%emt 0:03:36] Fout (1.6)} (18... Ba6 $11) {Wit moet spelen} 19. Nh4 {[%emt 0:05:52] Fout (1.2)} (19. Na3 $16 Ba6 20. Rxc5) 19... Nd4 {[%emt 0:12:02] Onnauwkeurig} 20. Bxd4 {[%emt 0:00:16] OK} exd4 {[%emt 0:02:42] Onnauwkeurig} 21. f4 {[%emt 0:00:27] Onnauwkeurig} Bc6 {[%emt 0:02:28] Onnauwkeurig} 22. Rf1 {[%emt 0:04:09] Onnauwkeurig} b5 23. Nd2 {[%emt 0:14:13][%cal Bc4d2,Bd2f3,Bf3e5][%mdl 32] EV=30.47. Onnauwkeurig} Bd6 {[%emt 0:00:24][%cal Of6d5] Onnauwkeurig} (23... Nd5 $5) 24. Qd1 Bf8 {[%emt 0:00:44] OK} 25. Ndf3 Qd8 26. Ne5 {[%emt 0:00:20] En nu zou Nxc6 winnen. OK} Bb7 {[%emt 0:01:08] OK} 27. Nhf3 Rc7 28. g4 {[%emt 0:01:27] blijft gelijk. Fout (1.2)} (28. Bh3 $11) {Zwart zou moeten spelen} 28... Bc8 {[%emt 0:00:31] Fout (0.5)} (28... Bd6 $17) 29. h3 $1 $15 {[%emt 0:01:20] Sterk} Nd7 {[%emt 0:01:16] Onnauwkeurig} 30. Nxd7 {[%emt 0:01:12] OK} Bxd7 {[%emt 0:00:04] zou overwogen moeten worden. Fout (0.5)} (30... Qxd7 31. Rf2 Qd8) 31. Qe1 {[%emt 0:00:20] Fout (0.9)} (31. e5 $11) 31... Bc8 {[%emt 0:01:29] Fout (0.9)} (31... c4 $15 32. bxc4 bxc4) 32. e5 $11 {[%emt 0:01:14] OK} Bb7 {[%emt 0:00:47] OK} 33. Nd2 {[%emt 0:00:05] OK} Bxg2 {[%emt 0:00:46] Beste (Gemakkelijk)} 34. Kxg2 Qd5+ {[%emt 0:01:33] Fout (1.0)} (34... f6 $11) 35. Qe4 $16 {[%emt 0:00:05] OK} Qxe4+ 36. Nxe4 Rec8 {[%emt 0:00:32] Zwart is zwak op de lichte velden} 37. Rf2 {[%emt 0:01:14] Wit is actiever.} c4 38. dxc4 {[%emt 0:01:45] OK} bxc4 {Wit zou moeten proberen} 39. bxc4 {[%emt 0:01:11] Fout (0.5)} (39. Rd2 $18) 39... Rxc4 40. Rxc4 Rxc4 {[%emt 0:00:03][%mdl 4096] Eindspel. KRB-KRN} 41. Kf3 {[%emt 0:08:48] Beste (Gemakkelijk)} Ra4 {[%emt 0:02:06] Beste} 42. f5 $1 {[%emt 0:02:35] Sterk} Ra3+ 43. Kf4 {[%emt 0:00:07] Beste (Gemakkelijk)} Bb4 {[%emt 0:08:25] [#] was nodig. Fout (0.8)} (43... Rxh3 $16 44. Rd2 d3) {Enige zet:} 44. e6 $2 {[%emt 0:06:50] Gemiste overwinning (2.6)} (44. Rb2 $1 $18 a5 45. Rc2) 44... Kf8 {[%emt 0:02:58] Onnauwkeurig} 45. Rc2 {[%emt 0:08:14] Rc8+ zou dodelijk zijn.} (45. Rb2 $5 a5 $8 46. exf7 $11) 45... fxe6 {[%emt 0:03:32] Beste (Gemakkelijk)} 46. Rc8+ {[%emt 0:03:42] Beste (Gemakkelijk)} Ke7 $1 {[%emt 0:00:06] Sterk} 47. Rc7+ {[%emt 0:00:05] Beste (Gemakkelijk)} Kd8 $1 {[%emt 0:01:31] Sterk} 48. Rc4 {[%emt 0:00:27] [#] Fout (1.1)} (48. Rxg7 exf5 49. Rb7 (49. Kxf5 d3 $17) 49... fxe4 $11) (48. Rb7 $11 exf5 49. Rxb4 fxe4 50. Rxd4+ Kc7 51. Rxe4) {Beter is} 48... exf5 {[%emt 0:01:46] Fout (1.1)} (48... Ba5 $1 $17 {[%cal Ra5c7] Hoopt vervolgens op ...Bc7+.} 49. Rxd4+ Ke7) 49. Rxd4+ $11 {[%emt 0:00:06] OK} Ke7 50. gxf5 {[%emt 0:01:15] Houdt de partij in balans. Fout (0.7)} (50. Rxb4 $11 fxe4 51. Rxe4+ Kf6 52. Rc4) 50... a5 51. Rc4 {Black should attempt} Bd6+ {[%emt 0:04:19] Fout (0.7)} ({Veel slechter is} 51... Rxh3 52. Rc7+ Kf8 53. Rc8+ Ke7 54. Rc7+ Kf8 55. Rc8+ Ke7 56. Rc7+ $11) (51... Kd7 $17) 52. Nxd6 {[%emt 0:02:41] Beste (Gemakkelijk). De stelling is in evenwicht.} Kxd6 {[%emt 0:00:04] KR-KR} 53. Rd4+ {[%emt 0:00:04] OK} Ke7 {[%emt 0:05:13] OK} 54. Re4+ Kf6 55. Re6+ {[%emt 0:00:11] OK} Kf7 56. Ra6 {[%emt 0:00:05] OK} g6 (56... Rxh3 57. Rxa5 g6 58. Ra7+ Kf6 59. Ra6+ Kf7 60. fxg6+ hxg6 61. Ra7+ Kf6 62. Ra6+ Kg7 63. a4 $15) 57. Ra7+ {[%emt 0:00:33] OK} Kf6 {[%emt 0:00:14] met als doel voor ...g5+. OK} 58. Ra6+ {[%emt 0:00:08] Beste (Gemakkelijk)} Kg7 59. fxg6 hxg6 60. Kg5 {[%emt 0:00:05] OK} Rg3+ {[%emt 0:00:37] OK} 61. Kf4 Ra3 {[%emt 0:00:14] OK} 62. Kg5 {[%emt 0:00:06] OK} Rg3+ {[%emt 0:00:04] Zwart verdedigde met geluk.   Blunder waarde: Wit=0.31/Zwart=0.29 (precies) . OK.  Gemiste overwinning: 	Wit=1      	---        Fout:        	Wit=8      	Zwart=10     Onnauwkeurig:    	Wit=5      	Zwart=6      OK:         	Wit=16     	Zwart=13     Beste:        	Wit=6      	Zwart=3      Sterk:        	Wit=4      	Zwart=3} 1/2-1/2

[Event "Serbian League Women 2024"]
[Site "Bajina Basta"]
[Date "2024.09.30"]
[Round "4.14"]
[White "Roebers, Eline"]
[Black "Prudnikova, Svetlana"]
[Result "1-0"]
[ECO "C22"]
[WhiteElo "2340"]
[BlackElo "2117"]
[Annotator "RC"]
[PlyCount "95"]
[EventDate "2024.09.26"]
[EventType "team-tourn"]
[EventCountry "SRB"]
[SourceTitle "playchess.com"]
[Source "ChessBase"]
[SourceQuality "1"]
[TimeControl "40/5400+30:1800+30"]

1. e4 e5 2. d4 exd4 3. Qxd4 Nc6 4. Qd3 Nf6 5. Nc3 Bb4 6. Bd2 O-O 7. O-O-O Re8 8. Nge2 d6 9. Bg5 h6 10. Bxf6 Qxf6 11. Nd5 Qd8 12. Nxb4 Nxb4 13. Qd2 a5 14. Nc3 Bd7 15. f3 Qg5 16. Qxg5 hxg5 17. g4 Nc6 18. Nd5 Rac8 19. h4 gxh4 20. Rxh4 Ne7 21. Ne3 Ng6 22. Rh5 Re5 23. Nc4 Rxh5 24. gxh5 Nf4 25. e5 d5 26. Rd4 Nxh5 27. Rxd5 Bc6 28. Rxa5 Ng3 29. Bd3 Bxf3 30. Rc5 Bg4 31. Ne3 Be6 32. Nd5 Bxd5 33. Rxd5 Kf8 34. Rd7 Ke8 35. e6 fxe6 36. Rxg7 Nf5 37. Bxf5 exf5 38. Rh7 b5 39. a3 c5 40. Rh8+ Kd7 41. Rxc8 Kxc8 42. b3 Kc7 43. Kd2 Kd6 44. c4 bxc4 45. bxc4 Ke5 46. a4 Kd6 47. Ke3 Ke5 48. Kf3 1-0

[Event "Serbian League Women 2024"]
[Site "Bajina Basta"]
[Date "2024.09.30"]
[Round "4.15"]
[White "Radenkovic, Mila"]
[Black "Maksimovic, Suzana"]
[Result "1/2-1/2"]
[ECO "B31"]
[WhiteElo "1910"]
[BlackElo "2052"]
[Annotator "RC"]
[PlyCount "73"]
[EventDate "2024.09.26"]
[EventType "team-tourn"]
[EventCountry "SRB"]
[SourceTitle "playchess.com"]
[Source "ChessBase"]
[SourceQuality "1"]
[TimeControl "40/5400+30:1800+30"]

1. e4 c5 2. Nf3 Nc6 3. Bb5 g6 4. Bxc6 dxc6 5. d3 Qc7 6. h3 e5 7. Be3 Nf6 8. Nc3 h6 9. Qd2 Be6 10. O-O-O O-O-O 11. a3 b5 12. Qe1 Nd7 13. Ne2 Be7 14. g3 Kb7 15. Nd2 a5 16. f4 f6 17. g4 a4 18. Nb1 g5 19. f5 Bf7 20. h4 c4 21. h5 cxd3 22. Rxd3 Nc5 23. Rxd8 Rxd8 24. Nec3 Nd7 25. Qf2 Nb6 26. Nd2 Nc4 27. Nxc4 Bxc4 28. Rd1 Rxd1+ 29. Kxd1 Qd6+ 30. Ke1 c5 31. Qd2 Qxd2+ 32. Kxd2 Kc6 33. Ke1 Bd8 34. Bd2 Be7 35. Be3 Bd8 36. Bd2 Be7 37. Be3 1/2-1/2